Map: Heavy Artillery LE

Players

strech

  • Race: Terran Terran
  • League: Diamond
  • Spawn Location: 3:00

Thomas

  • Race: Protoss Protoss
  • League: Diamond
  • Spawn Location: 1:00

Massa - Winner!

  • Race: Terran Terran
  • League: Platinum
  • Spawn Location: 7:00

qqq - Winner!

  • Race: Zerg Zerg
  • Spawn Location: 7:00

VOD

Have the link to the VOD?

Description

Time

  • Played on: Oct. 25, 2020, 11:45 a.m.
  • Length: 12:19
Show
View Real Time Build Order
Export as new Build Order

strech Terran 

Build Orders:  

Get SALT Encoding   

  12  0:00  SCV  
  13  0:12  SCV  
  14  0:17  Supply Depot  
  14  0:24  SCV  
  15  0:39  SCV  
  15  0:42  Barracks  
  16  0:45  Refinery  
  16  0:51  SCV  
  17  1:03  SCV  
  18  1:15  SCV  
  19  1:27  SCV  
  20  1:33  Command Center  
  20  1:35  Marine  
  21  1:44  Orbital Command  
  21  1:56  Factory  
  21  2:01  Marine  
  21  2:08  Refinery  
  22  2:10  SCV  
  22  2:14  Supply Depot  
  23  2:29  Engineering Bay  
  23  2:35  Marine  
  23  2:36  SCV  
  25  2:41  Factory Tech Lab  
  25  2:48  SCV  
  26  3:00  SCV  
  26  3:01  Planetary Fortress  
  27  3:09  Missile Turret  
  27  3:10  Missile Turret  
  27  3:19  SCV  
  28  3:26  Missile Turret  
  28  3:28  Missile Turret  
  28  3:31  SCV, Siege Tank  
  32  3:35  Marine  
  33  3:42  SCV  
  33  3:43  SCV  
  35  3:54  SCV  
  36  3:58  Marine  
  37  4:03  Command Center  
  37  4:14  Refinery  
  37  4:15  SCV  
  37  4:16  Refinery, SCV  
  39  4:27  SCV  
  39  4:29  Missile Turret  
  40  4:34  Supply Depot  
  40  4:37  Marine  
  41  4:39  Starport  
  41  4:43  SCV  
  41  4:44  SCV  
  43  4:51  Armory  
  43  4:55  SCV  
  43  4:56  Armory  
  44  5:00  Siege Tank  
  44  5:03  SCV  
  48  5:09  SCV  
  49  5:15  Marine  
  50  5:39  Missile Turret  
  50  5:41  Starport, Missile Turret x2  
  51  5:43  Starport Reactor  
  51  5:44  Missile Turret  
  51  5:48  Barracks Reactor  
  50  5:51  Terran Ship Weapons Level 1  
  50  5:52  Terran Vehicle And Ship Armor Level 1  
  50  5:56  Planetary Fortress  
  50  6:00  SCV  
  51  6:05  SCV  
  52  6:17  SCV  
  53  6:23  SCV  
  54  6:29  SCV  
  55  6:34  Missile Turret  
  55  6:37  Missile Turret  
  55  6:40  Missile Turret  
  55  6:42  Liberator x3  
  31  7:32  Liberator x3  
  31  7:45  SCV  
  30  7:58  SCV  
  27  8:09  SCV  
  24  8:14  SCV  
  24  8:15  Liberator  
  28  8:21  SCV  
  28  8:26  SCV  
  23  8:33  Liberator x2  
  29  8:38  SCV x2  
  31  8:45  SCV  
  32  8:50  SCV x2  
  34  8:57  SCV  
  34  9:02  SCV  
  36  9:09  SCV  
  37  9:10  Liberator  
  37  9:11  SCV  
  37  9:14  SCV  
  42  9:23  SCV  
  43  9:26  SCV  
  44  9:35  SCV  
  45  9:38  SCV  
  46  9:47  Liberator  
  46  9:50  SCV  
  47  10:05  Liberator  
  46  10:07  SCV  
  43  10:15  SCV  
  43  10:17  Liberator  
  43  10:19  SCV  
  48  10:27  SCV  
  49  10:28  Marine  
  49  10:29  Marine  
  51  10:46  Marine x2  
  50  11:04  Marine x2  
  27  11:22  Marine  
  22  11:29  Liberator x3  
Show
View Real Time Build Order
Export as new Build Order

Thomas Protoss 

Build Orders: Carriers 

Get SALT Encoding   

  12  0:02  Probe (Chrono Boost)  
  13  0:11  Probe (Chrono Boost)  
  14  0:16  Probe (Chrono Boost)  
  15  0:23  Pylon  
  15  0:33  Assimilator  
  15  0:38  Assimilator  
  15  0:41  Probe  
  16  0:50  Gateway  
  16  0:58  Probe (Chrono Boost)  
  17  1:10  Probe (Chrono Boost)  
  18  1:16  Probe (Chrono Boost)  
  19  1:24  Probe  
  20  1:38  Cybernetics Core  
  20  1:52  Nexus  
  20  1:58  Probe  
  21  2:16  Stargate  
  21  2:22  Stargate  
  21  2:28  Pylon  
  21  2:31  Probe  
  22  2:42  Assimilator  
  22  2:45  Probe  
  23  2:55  Void Ray (Chrono Boost)  
  23  3:05  Void Ray (Chrono Boost)  
  31  3:16  Probe (Chrono Boost)  
  31  3:19  Probe (Chrono Boost)  
  33  3:26  Void Ray (Chrono Boost)  
  34  3:28  Probe (Chrono Boost)  
  34  3:32  Probe (Chrono Boost)  
  39  3:41  Void Ray  
  43  4:06  Probe x2  
  43  4:07  Assimilator  
  45  4:12  Pylon  
  45  4:18  Probe  
  46  4:30  Probe x2  
  48  4:46  Pylon  
  48  4:52  Fleet Beacon  
  48  4:54  Robotics Facility  
  48  4:57  Probe  
  48  4:58  Probe, Stargate  
  50  5:05  Forge  
  50  5:09  Probe  
  50  5:10  Pylon  
  51  5:20  Probe  
  52  5:21  Probe  
  53  5:32  Probe  
  53  5:34  Probe  
  55  5:37  Carrier  
  61  5:44  Observer, Probe  
  63  5:58  Nexus  
  63  6:05  Probe x2, Observer  
  66  6:25  Pylon  
  66  6:28  Pylon  
  66  6:31  Pylon  
  71  6:51  Carrier  
  57  7:31  Pylon  
  57  7:34  Void Ray (Chrono Boost), Pylon  
  57  7:37  Pylon, Protoss Air Weapons Level 1  
  57  7:38  Photon Cannon  
  57  7:40  Photon Cannon  
  57  7:41  Void Ray (Chrono Boost)  
  57  7:43  Photon Cannon, Pylon  
  57  7:45  Photon Cannon  
  57  7:47  Photon Cannon  
  57  7:50  Photon Cannon  
  57  8:00  Photon Cannon  
  57  8:02  Carrier (Chrono Boost)  
  57  8:04  Photon Cannon  
  63  8:14  Photon Cannon  
  63  8:37  Carrier  
  63  8:40  Probe  
  70  8:52  Probe  
  70  9:06  Pylon  
  70  9:09  Pylon  
  70  9:10  Carrier  
  76  9:17  Stargate  
  76  9:20  Stargate  
  76  9:24  Stargate  
  76  9:27  Pylon  
  76  9:30  Pylon  
  76  9:47  Assimilator  
  76  9:49  Carrier  
  76  9:51  Assimilator  
  71  10:13  Photon Cannon  
  71  10:17  Photon Cannon  
  71  10:49  Carrier x2  
Show
View Real Time Build Order
Export as new Build Order

Massa Terran - Winner!

Build Orders:  

Get SALT Encoding   

  12  0:00  SCV  
  13  0:12  SCV  
  14  0:24  SCV  
  14  0:25  Supply Depot  
  15  0:34  Refinery  
  15  0:47  SCV, Barracks  
  16  0:59  SCV  
  17  1:11  SCV  
  18  1:23  SCV  
  19  1:34  Reaper  
  19  1:35  SCV  
  21  1:42  Command Center  
  21  1:47  Orbital Command  
  21  2:06  Marine  
  22  2:17  Supply Depot  
  22  2:18  Factory  
  22  2:21  SCV  
  23  2:24  Barracks Reactor  
  23  2:39  SCV  
  23  2:40  Supply Depot  
  24  2:46  Refinery  
  24  2:51  SCV  
  25  2:57  Orbital Command  
  25  3:03  SCV  
  26  3:11  Marine x2  
  26  3:12  Factory Tech Lab  
  28  3:16  Bunker  
  28  3:17  Starport  
  28  3:25  SCV x2  
  30  3:28  Marine  
  30  3:29  Marine  
  32  3:36  Siege Tank  
  32  3:37  SCV  
  32  3:38  SCV  
  36  3:46  Marine  
  36  3:47  Marine  
  38  3:49  SCV  
  38  3:54  Engineering Bay  
  39  3:56  Medivac  
  39  3:58  SCV  
  39  4:01  SCV  
  43  4:07  Marine x2  
  45  4:10  SCV  
  45  4:13  SCV  
  45  4:16  Widow Mine  
  49  4:22  SCV  
  49  4:23  Missile Turret  
  50  4:24  Marine x2  
  50  4:26  SCV, Missile Turret  
  50  4:30  Missile Turret  
  53  4:31  Missile Turret  
  53  4:34  SCV  
  54  4:57  Supply Depot x2  
  54  4:58  Refinery  
  54  4:59  Refinery  
  54  5:05  Missile Turret  
  54  5:18  Liberator, Marine x2  
  54  5:19  Widow Mine  
  61  5:21  Supply Depot x2  
  61  5:25  Barracks  
  61  5:27  Barracks  
  61  5:36  Marine  
  61  5:40  Siege Tank  
  65  5:43  Terran Infantry Weapons Level 1  
  65  5:47  Armory  
  65  5:51  SCV x2, Missile Turret  
  67  5:58  Marine x2  
  67  6:03  SCV x2  
  71  6:12  Cyclone  
  71  6:16  Marine x2  
  76  6:20  Barracks Reactor, Barracks Tech Lab  
  76  6:34  Marine x2  
  78  6:51  Marine  
  74  7:04  Thor  
  75  7:33  Marauder, Marine  
  75  7:34  Marine x3  
  81  7:40  Stimpack  
  81  7:48  Command Center, Medivac  
  83  7:51  Marine x3  
  83  7:54  Marauder, Marine  
  86  8:18  Terran Infantry Armor Level 1  
  86  8:19  Supply Depot  
  86  8:21  Supply Depot  
  86  8:22  Supply Depot  
  86  8:40  Liberator, Marine x3  
  86  8:41  Marauder  
  94  8:42  Marine, Thor  
  94  8:43  Supply Depot  
  94  8:45  Supply Depot x2  
  101  8:58  Marine x2  
  101  9:00  Marine  
  101  9:02  Marauder  
  106  9:05  Marine  
  106  9:06  Supply Depot  
  106  9:08  Supply Depot  
  107  9:16  Marine x2  
  109  9:18  Marine  
  109  9:20  Combat Shield  
  109  9:23  Marine  
  109  9:24  Marauder  
  113  9:25  Thor  
  113  9:27  Starport Reactor  
  119  9:34  Marine x2  
  119  9:36  Marine  
  122  9:41  Marine  
  122  9:43  SCV x2  
  122  9:45  Marauder  
  127  9:52  Marine x2  
  129  9:55  SCV x2  
  131  10:06  Marauder  
  133  10:07  SCV  
  133  10:08  SCV  
  135  10:19  SCV  
  135  10:20  SCV  
  137  10:28  Marauder  
  139  10:31  SCV  
  139  10:32  SCV  
  141  10:49  Marauder  
  104  11:39  Marauder, Marine  
  106  11:40  Marine x3  
  106  11:43  Medivac x2  
  117  11:57  Marine  
  117  11:58  Marine x3  
Show
View Real Time Build Order
Export as new Build Order

qqq Zerg - Winner!

Build Orders: Hatch First 

Get SALT Encoding   

  12  0:06  Drone  
  13  0:09  Drone  
  14  0:37  Hatchery  
  14  0:41  Overlord  
  13  0:49  Drone  
  14  0:53  Extractor  
  14  0:55  Drone  
  14  1:04  Drone  
  15  1:07  Drone  
  16  1:19  Spawning Pool  
  16  1:25  Drone  
  16  1:30  Drone  
  17  1:37  Drone  
  18  1:50  Drone  
  18  1:51  Drone  
  20  2:05  Drone  
  20  2:07  Drone  
  20  2:08  Lair  
  22  2:13  Queen  
  22  2:15  Drone  
  25  2:22  Overlord  
  25  2:27  Drone  
  26  2:33  Drone  
  26  2:34  Drone  
  26  2:35  Extractor  
  27  2:42  Drone  
  27  2:44  Drone  
  29  2:54  Drone  
  29  2:56  Drone  
  31  3:02  Drone  
  31  3:05  Extractor  
  31  3:11  Spire  
  30  3:14  Drone  
  31  3:20  Hatchery  
  31  3:25  Drone x2  
  32  3:32  Overlord  
  32  3:34  Drone  
  32  3:35  Drone x2  
  35  3:42  Drone  
  36  3:55  Extractor  
  36  3:56  Drone  
  36  3:58  Drone x3  
  39  4:09  Drone  
  40  4:14  Infestation Pit  
  40  4:15  Drone x2, Overlord  
  40  4:16  Evolution Chamber  
  40  4:17  Drone  
  41  4:24  Mutalisk  
  41  4:31  Overlord  
  43  4:32  Queen, Overlord x2  
  43  4:38  Zerg Flyer Weapons Level 1  
  45  4:40  Mutalisk  
  45  4:44  Mutalisk  
  49  4:48  Drone  
  49  4:49  Mutalisk  
  52  4:53  Drone  
  52  4:56  Drone x3  
  52  4:59  Mutalisk  
  56  5:05  Drone x2  
  56  5:06  Drone  
  61  5:09  Mutalisk  
  61  5:14  Mutalisk  
  63  5:16  Drone x2  
  63  5:18  Drone  
  68  5:22  Mutalisk  
  70  5:28  Drone  
  70  5:29  Overlord  
  71  5:39  Mutalisk  
  71  5:41  Overlord  
  73  5:43  Mutalisk  
  73  5:44  Overlord  
  73  5:49  Drone x2  
  77  5:52  Queen  
  77  5:53  Mutalisk x2  
  83  5:58  Extractor  
  83  5:59  Overlord  
  83  6:03  Overlord  
  82  6:05  Corruptor  
  84  6:13  Drone x2  
  86  6:24  Corruptor  
  88  6:30  Overlord  
  88  6:31  Overlord  
  88  6:32  Mutalisk, Zerg Flyer Armor Level 1  
  90  6:54  Mutalisk x2  
  90  6:56  Drone x3  
  85  7:46  Mutalisk  
  85  7:47  Mutalisk x5  
  85  7:48  Drone  
  85  7:49  Drone x2  
  92  8:30  Mutalisk x3, Corruptor x2  
  92  8:33  Drone  
  92  8:34  Drone x2  
  97  8:39  Extractor  
  96  8:49  Hatchery  
  96  8:51  Corruptor  
  96  8:52  Corruptor  
  96  8:54  Zergling x6  
  96  8:55  Drone x2  
  104  9:02  Hatchery  
  103  9:10  Mutalisk x2  
  103  9:16  Zerg Flyer Weapons Level 2  
  107  9:26  Hatchery  
  107  9:29  Drone x3  
  107  9:31  Mutalisk x2  
  109  9:32  Hatchery  
  112  9:40  Corruptor  
  112  9:42  Overlord x4  
  106  10:02  Corruptor x3  
  106  10:06  Drone  
  109  10:07  Corruptor  
  109  10:12  Metabolic Boost  
  111  10:22  Drone x2  
  111  10:26  Corruptor x2  
  111  10:27  Corruptor  
  119  10:30  Drone  
  120  10:43  Corruptor x2  
  124  10:54  Hatchery  
  121  11:02  Hatchery  
  97  11:26  Corruptor x2  
  97  11:27  Mutalisk x6  
  97  11:28  Drone  
  97  11:29  Drone x8  
  112  11:48  Mutalisk x2  
  112  11:49  Corruptor  
  112  11:50  Drone x3  
  112  11:51  Drone  
  112  11:52  Overlord x5  
  122  11:57  Extractor  
  122  12:00  Extractor  
  122  12:01  Drone x7  
  124  12:02  Extractor  
Tags
 
Add a new tag
Caveats
  • Supply blocks, unpowered buildings, or Contaminate may cause inaccurate times.
  • Supply counts are checked every 10 seconds.